Map: Blood Boil LE

Players

Yata - Winner!

  • Race: Zerg Zerg
  • League: Silver
  • Spawn Location: 5:00

A.I. 1 (Hard)

  • Race: Protoss Protoss
  • Spawn Location: 11:00

VOD

Have the link to the VOD?

Description

Time

  • Played on: July 12, 2017, 7:52 p.m.
  • Length: 10:59
Show
View Real Time Build Order
Export as new Build Order

Yata Zerg - Winner!

Build Orders: Hatch First 

Get SALT Encoding   

  12  0:00  Unknown  
  12  0:04  Drone  
  13  0:10  Drone  
  14  0:23  Overlord  
  14  0:42  Drone x2  
  16  0:43  Drone  
  17  0:58  Drone  
  17  1:02  Hatchery  
  17  1:04  Drone  
  17  1:09  Extractor  
  17  1:19  Spawning Pool  
  16  1:26  Drone x2  
  18  1:38  Drone  
  19  1:47  Overlord  
  19  1:58  Drone  
  20  2:06  Queen  
  22  2:21  Zergling x4  
  24  2:27  Metabolic Boost  
  24  2:44  Queen  
  26  2:53  Lair  
  26  2:58  Extractor  
  26  3:02  Drone x2  
  26  3:03  Drone  
  28  3:08  Drone  
  29  3:13  Drone x2  
  29  3:15  Overlord  
  31  3:27  Drone  
  31  3:28  Drone x3  
  33  3:53  Hydralisk Den  
  32  3:57  Evolution Chamber  
  32  4:01  Drone  
  32  4:02  Drone x6  
  38  4:03  Drone x3  
  41  4:13  Queen  
  41  4:16  Pneumatized Carapace  
  43  4:23  Hatchery  
  42  4:27  Zerg Missile Weapons Level 1  
  42  4:38  Overlord x3  
  42  4:56  Drone  
  44  5:00  Drone x5  
  44  5:05  Hydralisk x3  
  44  5:06  Hydralisk x3  
  60  5:30  Extractor  
  60  5:33  Drone  
  60  5:36  Hydralisk x4  
  68  6:01  Lurker Den  
  68  6:13  Drone x6  
  68  6:15  Overlord x2  
  74  6:35  Zergling x2  
  74  6:36  Zergling x18  
  84  6:45  Overlord  
  84  6:52  Overseer  
  78  7:10  Hydralisk  
  78  7:11  Hydralisk x5  
  89  7:21  Zerg Missile Weapons Level 2  
  89  7:31  Overlord x3  
  74  8:22  Hydralisk  
  74  8:23  Hydralisk x10  
  74  8:24  Hydralisk  
  94  9:00  Hatchery  
  89  9:30  Lurker  
  88  9:42  Lurker  
  83  10:12  Lurker  
  86  10:39  Drone x4  
  86  10:40  Drone x10  
  86  10:41  Drone x2  
Show
View Real Time Build Order
Export as new Build Order

A.I. 1 (Hard) Protoss 

Build Orders:  

Get SALT Encoding   

  12  0:00  Unknown  
  12  0:01  Probe (Chrono Boost)  
  13  0:11  Probe (Chrono Boost)  
  14  0:20  Pylon  
  14  0:22  Probe (Chrono Boost)  
  15  0:38  Probe (Chrono Boost)  
  15  0:39  Gateway  
  16  0:49  Assimilator, Probe (Chrono Boost)  
  17  0:59  Pylon, Probe (Chrono Boost)  
  18  1:10  Probe (Chrono Boost)  
  19  1:24  Probe (Chrono Boost)  
  20  1:26  Zealot  
  20  1:29  Cybernetics Core  
  22  1:45  Gateway  
  22  1:48  Assimilator  
  22  2:02  Stalker  
  22  2:04  Pylon  
  24  2:20  Warp Gate  
  24  2:30  Stalker  
  26  2:40  Zealot  
  28  2:47  Pylon  
  28  2:58  Stalker  
  30  3:09  Stalker  
  32  3:18  Probe (Chrono Boost)  
  33  3:23  Pylon  
  33  3:27  Stalker  
  33  3:30  Probe (Chrono Boost)  
  36  3:39  Adept  
  39  3:42  Probe (Chrono Boost)  
  39  3:49  Forge  
  39  3:54  Probe (Chrono Boost)  
  40  3:55  Stalker  
  42  4:05  Adept, Probe (Chrono Boost)  
  46  4:17  Probe (Chrono Boost)  
  46  6:17  Protoss Ground Weapons Level 1  
  46  6:21  Sentry  
  46  6:23  Gateway  
  48  6:26  Twilight Council  
  48  6:27  Photon Cannon, Nexus  
  48  6:29  Photon Cannon  
  48  6:31  Robotics Facility, Adept  
  50  6:33  Stargate  
  50  6:35  Pylon  
  50  6:36  Forge  
  50  6:42  Adept  
  52  6:52  Sentry  
  54  7:02  Adept  
  54  7:04  Protoss Ground Armor Level 1  
  36  7:15  Stalker  
  36  7:18  Observer  
  39  7:25  Stalker  
  41  7:35  Stalker  
  43  7:38  Observer  
  43  7:42  Probe (Chrono Boost)  
  46  7:44  Probe (Chrono Boost)  
  46  7:45  Zealot  
  46  7:46  Assimilator  
  45  7:53  Probe (Chrono Boost)  
  45  7:55  Sentry  
  45  7:57  Probe (Chrono Boost)  
  36  8:06  Adept, Probe (Chrono Boost)  
  36  8:08  Probe (Chrono Boost)  
  38  8:16  Stalker  
  38  8:17  Probe (Chrono Boost)  
  38  8:20  Probe (Chrono Boost)  
  38  8:26  Adept  
  38  8:29  Pylon  
  38  8:33  Void Ray  
  38  8:34  Pylon  
  38  8:36  Pylon  
  38  8:40  Zealot  
  40  8:44  Zealot  
  38  8:58  Zealot  
  36  9:03  Stalker  
  32  9:12  Void Ray  
  30  9:17  Stalker  
  30  9:21  Probe (Chrono Boost)  
  27  9:25  Stalker  
  27  9:40  Zealot  
  29  9:47  Zealot  
  29  9:49  Probe (Chrono Boost)  
  30  10:01  Probe (Chrono Boost)  
  31  10:12  Stalker, Probe (Chrono Boost)  
Tags
 
League
Silver
Matchup
PvZ
Replay Pack
Pack 1
Spawn Locations
Cross Positions
Add a new tag
Caveats
  • Supply blocks, unpowered buildings, or Contaminate may cause inaccurate times.
  • Supply counts are checked every 10 seconds.